 Dungeon Crawl Stone Soup version 0.29.0-4-gdea44cf6ec (webtiles) character file.

Game seed: 13854889702557124971

49 qw the Chopper (level 3, -4/21 HPs)
             Began as a Tengu Warper on Aug 28, 2022.
             Slain by a gnoll
             ... wielding a +0 flail
              (10 damage)
             ... on level 2 of the Dungeon.
             The game lasted 00:00:09 (1604 turns).

qw the Chopper (Tengu Warper)                       Turns: 1604, Time: 00:00:09

Health: -4/21      AC:  3    Str: 13    XL:     3   Next: 75%
Magic:  7/7        EV: 12    Int: 13    God:
Gold:   64         SH:  0    Dex: 13    Spells: 6/6 levels left

rFire   . . .      SeeInvis .   Y - +3 hand axe
rCold   . . .      Faith    .   (no shield)
rNeg    . . .      Spirit   .   b - +0 leather armour
rPois   +          Reflect  .   (helmet restricted)
rElec   .          Harm     .   (no cloak)
rCorr   .          Rampage  .   (no gloves)
Will    .....                   (boots unavailable)
Stlth   +.........              (no amulet)
HPRegen 0.07/turn               l - ring of poison resistance
MPRegen 0.10/turn               (no ring)

@: no status effects
A: beak, talons 3
a: no special abilities


You were on level 2 of the Dungeon.
You visited 1 branch of the dungeon, and saw 2 of its levels.

You collected 64 gold pieces.


Innate Abilities, Weirdness & Mutations

You have a beak for a mouth.
You have claws for feet.


   Skills:
 - Level 2.0 Fighting
 + Level 4.4 Axes
 - Level 1.0 Throwing
 - Level 1.1 Armour
 - Level 2.1 Dodging
 - Level 2.0 Spellcasting
 - Level 2.4 Translocations


You had 6 spell levels left.
You didn't know any spells.
Your spell library contained the following spells:

 Spells                   Type           Power      Damage    Failure   Level
 Blink                    Tloc           14%        N/A       19%         2
 Gell's Gravitas          Tloc           7%         N/A       36%         3
 Lesser Beckoning         Tloc           7%         N/A       36%         3
 Teleport Other           Tloc           7%         N/A       36%         3
 Manifold Assault         Tloc           7%         N/A       98%         5

Inventory:

Hand Weapons
 n - a +0 club
 Y - a +3 hand axe (weapon)
Armour
 b - a +0 leather armour (worn)
 c - a +0 chain mail
 d - a +0 plate armour
Jewellery
 l - a ring of poison resistance (left hand)
Scrolls
 a - 2 scrolls of identify
Potions
 e - a potion of cancellation
 j - a potion of resistance {unknown}
 o - a potion of lignification {unknown}

Dungeon Overview and Level Annotations

Branches:
Dungeon (2/15)

Altars:


Message History

A bat comes into view.
You closely miss the bat. You peck the bat.
The bat is moderately wounded.
The bat misses you. The bat barely misses you. The bat closely misses you.
You barely miss the bat. Your peck misses the bat.
The bat is moderately wounded.
The bat closely misses you. The bat hits you.
You miss the bat. Your kick misses the bat. You peck the bat, but do no damage.
The bat is moderately wounded.
The bat closely misses you. The bat barely misses you.
You hit the bat.
You kill the bat!
You start resting.
HP restored.
You see here a bat corpse.
d - a +0 plate armour A frilled lizard and a gnoll come into view.
The gnoll shouts!
You hear a shout!
You hear an angry hiss.
You hear a shout!
You barely miss the frilled lizard.
You hear a shout!
The frilled lizard hisses.
The frilled lizard barely misses you. The frilled lizard bites you.
You barely miss the frilled lizard. Your kick misses the frilled lizard.
Your peck misses the frilled lizard.
A quokka comes into view.
The frilled lizard bites you.
You barely miss the frilled lizard. The frilled lizard closely misses you.
You hit the frilled lizard.
You kill the frilled lizard!
You hit the gnoll. You claw the gnoll.
The gnoll is moderately wounded.
A gnoll comes into view. It is wielding a +0 halberd.
The gnoll hits you with a +0 flail!
Ouch! That really hurt!
A ball python comes into view.
1604 ||| Stepping ~*~*~tactically~*~*~ (hiding).
The gnoll attacks as you move away! The gnoll hits you with a +0 flail!
You die...

###.# S... ...# g..# #
...# # ..#
#################g######
................@....$..
############...#########
### ##.!.%.### ..#
#..##### #.### #.######
....# #.##...# #.#.#
#.##.#.# #.#.# #.##.#.#
#.#.###.##.#.#


You could see 2 gnolls and a ball python (wandering).

Vanquished Creatures
  An adder (D:2)
  A worm (D:2)
  2 dart slugs (D:1)
  7 ball pythons
  3 endoplasms (D:1)
  3 giant cockroaches (D:1)
  2 goblins (D:1)
  2 hobgoblins
  A quokka (D:1)
  4 bats
  4 frilled lizards
  3 kobolds
  A rat (D:1)
34 creatures vanquished.

Notes
Turn   | Place    | Note
-------+----------+-------------------------------------------
     0 | D:1      | qw the Tengu Warper began the quest for the Orb.
     0 | D:1      | Reached XP level 1. HP: 12/12 MP: 4/4
     0 | D:1      | 0 ||| qw: Version: 0.1-a-89-g26bdef1
     0 | D:1      | 0 ||| qw: Game counter: 935
     0 | D:1      | 0 ||| qw: Always use a shield: true
     0 | D:1      | 0 ||| qw: God list: Okawaru
     0 | D:1      | 0 ||| qw: Allow faded altars: false
     0 | D:1      | 0 ||| qw: Do Orc after D:15 true
     0 | D:1      | 0 ||| qw: Do second Lair branch before Depths: true
     0 | D:1      | 0 ||| qw: Lair rune preference: random
     0 | D:1      | 0 ||| qw: Plans: Normal
     0 | D:1      | 0 ||| PLANNING D:1-11
    58 | D:1      | 58 ||| Stepping ~*~*~tactically~*~*~ (hiding).
   160 | D:1      | 160 ||| Stepping ~*~*~tactically~*~*~ (hiding).
   167 | D:1      | Reached skill level 3 in Axes
   167 | D:1      | Reached XP level 2. HP: 13/17 MP: 6/6
   288 | D:1      | Found a faded altar of an unknown god.
   460 | D:1      | 460 ||| Stepping ~*~*~tactically~*~*~ (stealth).
   468 | D:1      | 468 ||| Stepping ~*~*~tactically~*~*~ (stealth).
   481 | D:1      | 481 ||| Stepping ~*~*~tactically~*~*~ (stealth).
   492 | D:1      | 492 ||| Stepping ~*~*~tactically~*~*~ (stealth).
   529 | D:1      | 529 ||| Stepping ~*~*~tactically~*~*~ (hiding).
   737 | D:1      | Reached XP level 3. HP: 20/21 MP: 7/7
  1269 | D:1      | 1269 ||| DROPPING amulet of magic regeneration.
  1270 | D:1      | 1270 ||| UPGRADING to ring of poison resistance.
  1271 | D:1      | 1271 ||| READING 3 scrolls labelled REJ IDELAY.
  1272 | D:1      | 1272 ||| READING scroll labelled JODOEBL RIMIHE.
  1273 | D:1      | 1273 ||| READING scroll labelled WOMPIS MUROMEL.
  1274 | D:1      | 1274 ||| READING 3 scrolls labelled ALOEMY VEIC XEA.
  1275 | D:1      | 1275 ||| READING 2 scrolls of enchant weapon.
  1275 | D:1      | 1275 ||| ENCHANTING +1 hand axe.
  1276 | D:1      | 1276 ||| READING scroll of enchant weapon.
  1276 | D:1      | 1276 ||| ENCHANTING +2 hand axe.
  1277 | D:1      | 1277 ||| READING scroll labelled EXUUSURPHEA.
  1278 | D:1      | 1278 ||| DRINKING 2 green potions.
  1279 | D:1      | 1279 ||| READING 2 scrolls of identify.
  1279 | D:1      | 1279 ||| IDENTIFYING clear potion
  1280 | D:1      | 1280 ||| DROPPING scroll of blinking.
  1281 | D:1      | 1281 ||| DROPPING potion of degeneration.
  1319 | D:2      | Reached skill level 4 in Axes
  1383 | D:2      | 1383 ||| Stepping ~*~*~tactically~*~*~ (stealth).
  1384 | D:2      | 1384 ||| Stepping ~*~*~tactically~*~*~ (stealth).
  1385 | D:2      | 1385 ||| Stepping ~*~*~tactically~*~*~ (stealth).
  1604 | D:2      | 1604 ||| Stepping ~*~*~tactically~*~*~ (hiding).
  1604 | D:2      | Slain by a gnoll

Levels and vault maps discovered:
D:1:      enne_arrival_octagon_isle, layout_basic,
          hellmonk_ecumenical_altar_arch_garden,
          corexii_item_surrounded_by_moat, corexii_leaking_fountain
D:2:      layout_basic

Skill      XL: |  1  2  3 |
---------------+----------+-----
Axes           | 3 4 |  4.4
Fighting       | |  2.0
Throwing       | |  1.0
Armour         | |  1.1
Dodging        | |  2.1
Spellcasting   | |  2.0
Translocations | |  2.4

Action                   || total
-------------------------++-------
Melee: Hand axe          ||    75
       Kick              ||    18
       Peck              ||    13
       Punch             ||     1
Throw: Boomerang         ||     7
  Use: Scroll            ||     8
       Potion            ||     1
Armor: Leather armour    ||    13
Dodge: Dodged            ||    29

Table legend:
 A = Non-vault XP
 B = Vault XP
 C = Vault XP percentage of total XP
 D = Non-vault monster count
 E = Vault monster count
 F = Vault count percentage of total count
                 A         B        C        D         E       F
            +---------+---------+-------+---------+---------+-------
      Total |      70 |       0 |   0.0 |      34 |       0 |   0.0
            +---------+---------+-------+---------+---------+-------
        D:1 |      44 |       0 |   0.0 |      26 |       0 |   0.0
        D:2 |      26 |       0 |   0.0 |       8 |       0 |   0.0
            +---------+---------+-------+---------+---------+-------
